Map: Darkness Sanctuary LE

Players

Juxtapose - Winner!

  • Race: Terran Terran
  • League: Platinum
  • Spawn Location: 1:00

Oldman

  • Race: Terran Terran
  • League: Platinum
  • Spawn Location: 7:00

VOD

https://youtu.be/W3G15Sm5rHo

Description

My opponent's use of Widow Mines was really good, I sent him a compliment about it post-match.

Time

  • Played on: July 29, 2018, 1:51 p.m.
  • Length: 10:07
Show
View Real Time Build Order
Export as new Build Order

Juxtapose Terran - Winner!

Build Orders: MMM Bio 

Get SALT Encoding   

  12  0:01  SCV  
  13  0:13  SCV  
  14  0:23  Supply Depot  
  14  0:25  SCV  
  15  0:44  SCV  
  15  0:47  Barracks  
  16  0:51  Supply Depot  
  16  0:57  SCV  
  17  1:01  Refinery  
  17  1:09  SCV  
  18  1:21  SCV  
  19  1:34  Orbital Command  
  19  1:46  Barracks Reactor  
  19  1:50  Refinery  
  19  1:54  Supply Depot  
  19  2:02  SCV, Engineering Bay  
  20  2:14  SCV  
  21  2:25  Factory  
  21  2:26  Marine x2  
  21  2:27  SCV  
  24  2:33  Missile Turret  
  23  2:53  Marine  
  23  2:54  Marine  
  25  3:11  Marine x2  
  27  3:19  SCV  
  28  3:31  SCV  
  28  3:33  Command Center  
  29  3:34  Terran Infantry Weapons Level 1  
  29  3:36  Marine x2  
  31  3:43  SCV  
  31  3:50  Factory Tech Lab  
  31  3:53  Marine  
  32  3:57  SCV  
  32  4:01  Marine  
  34  4:08  Supply Depot  
  34  4:09  SCV  
  35  4:11  Marine  
  36  4:22  Cyclone  
  39  4:32  Supply Depot  
  39  4:40  Starport  
  39  4:47  Barracks  
  39  4:48  Orbital Command  
  39  4:53  Marine x2  
  39  4:59  Siege Tank  
  44  5:05  Orbital Command  
  44  5:11  Marine x2  
  46  5:19  SCV  
  47  5:25  Supply Depot  
  47  5:29  Terran Infantry Armor Level 1  
  47  5:31  Armory  
  47  5:32  SCV  
  47  5:34  SCV  
  49  5:39  Starport Reactor  
  49  5:40  Barracks Tech Lab  
  49  5:43  Marine  
  49  5:44  SCV  
  49  5:45  Marine  
  52  6:06  Liberator x2  
  52  6:15  Marauder  
  52  6:16  Stimpack, Marine x2  
  52  6:17  Siege Tank  
  65  6:36  Marauder  
  65  6:39  Terran Vehicle And Ship Armor Level 1  
  59  6:44  Marine x2  
  61  6:49  SCV  
  61  6:52  Missile Turret  
  62  6:57  Marauder  
  63  7:01  SCV  
  64  7:13  SCV  
  64  7:14  Missile Turret  
  65  7:20  Marine x2  
  65  7:21  Marauder  
  65  7:22  Terran Infantry Weapons Level 2  
  69  7:27  SCV x2, Refinery  
  71  7:39  SCV x2  
  72  7:49  Marauder, Marine x2  
  76  7:56  Supply Depot  
  76  8:06  Refinery, Marine x2  
  76  8:12  Marauder, Medivac x2  
  78  8:24  Marine x2  
  80  8:33  Marauder  
  82  8:37  Combat Shields  
  82  8:43  Command Center  
  82  8:55  Marauder  
  84  8:57  Marine x2  
  86  9:23  Supply Depot  
  86  9:44  Marauder  
  83  9:48  Supply Depot  
Show
View Real Time Build Order
Export as new Build Order

Oldman Terran 

Build Orders: MMM Bio 

Get SALT Encoding   

  12  0:01  SCV  
  13  0:13  SCV  
  14  0:19  Supply Depot  
  14  0:25  SCV  
  15  0:31  Refinery  
  15  0:43  Barracks  
  15  0:47  SCV  
  16  0:59  SCV  
  17  1:12  SCV  
  18  1:21  Barracks  
  18  1:24  SCV  
  19  1:33  Reaper  
  19  1:37  Refinery  
  20  1:41  Orbital Command  
  20  2:12  SCV  
  21  2:17  Barracks Tech Lab  
  21  2:20  Barracks Reactor  
  21  2:21  Factory  
  21  2:39  Command Center  
  21  2:54  SCV  
  22  3:06  SCV  
  23  3:17  Marine  
  23  3:22  Starport, Stimpack  
  23  3:48  Factory Reactor  
  23  4:00  SCV, Marine  
  23  4:02  Medivac  
  27  4:05  Orbital Command  
  27  4:06  Supply Depot  
  27  4:07  Refinery  
  27  4:12  Marine  
  27  4:13  Marine  
  29  4:21  Refinery  
  29  4:22  Marine  
  30  4:30  Marine  
  31  4:32  SCV  
  31  4:34  SCV  
  35  4:38  Widow Mine  
  35  4:41  Marine x2  
  35  4:44  SCV  
  38  4:48  Marine  
  38  4:51  Supply Depot  
  38  4:52  SCV, Engineering Bay  
  40  4:55  Medivac x2  
  40  4:56  SCV  
  40  4:58  Marine  
  46  5:12  SCV x2, Marine x2  
  46  5:13  Widow Mine  
  46  5:14  Supply Depot  
  52  5:15  Supply Depot  
  52  5:19  Marine  
  53  5:23  Combat Shields  
  53  5:30  Marine  
  56  5:36  Widow Mine  
  56  5:41  Marine x2  
  58  5:50  SCV x2  
  60  6:02  SCV x2  
  60  6:04  Supply Depot  
  62  6:09  Marine x2  
  64  6:11  Factory Tech Lab  
  64  6:12  Medivac x2  
  64  6:14  SCV x2  
  70  6:20  Factory  
  70  6:23  Factory  
  70  6:25  Barracks  
  62  7:09  Marine x3  
  62  7:11  Viking x2  
  62  7:13  Barracks Reactor, Factory Tech Lab x2  
  69  7:25  SCV x2  
  69  7:27  Marine x2  
  69  7:28  Marauder  
  75  7:33  Siege Tank  
  83  7:44  SCV x2, Siege Tank, Supply Depot  
  83  7:45  Marine  
  83  7:46  Refinery  
  83  7:47  Command Center  
  83  7:50  Refinery  
  84  7:52  Marauder  
  86  7:59  Terran Infantry Weapons Level 1  
  86  8:05  SCV, Marine x2  
  86  8:07  SCV  
  88  8:14  Missile Turret  
  88  8:16  Missile Turret  
  88  8:18  SCV  
  87  8:40  Marine x3  
  87  8:41  Marine x2  
  92  8:47  SCV  
  92  8:48  SCV  
  93  8:59  SCV  
  94  9:22  Command Center  
  94  9:29  SCV  
  94  9:40  SCV  
  94  9:44  SCV  
  93  9:52  SCV  
Tags
 
Add a new tag
Caveats
  • Supply blocks, unpowered buildings, or Contaminate may cause inaccurate times.
  • Supply counts are checked every 10 seconds.